 Dungeon Crawl Stone Soup version 0.21-a0-522-ga8338f0 (webtiles) character file.

1330 mortelune the Magician (level 8, -1/41 HPs)
             Began as a Deep Elf Wizard on Dec 6, 2017.
             Slain by an orc warrior
             ... wielding a +0 halberd
              (22 damage)
             ... on level 6 of the Dungeon.
             The game lasted 00:41:29 (9663 turns).

mortelune the Magician (Deep Elf Wizard)            Turns: 9663, Time: 00:41:30

Health: -1/41      AC: 10    Str:  4    XL:     8   Next: 34%
Magic:  7/21       EV: 15    Int: 26    God:
Gold:   251        SH:  0    Dex: 13    Spells: 13/21 levels left

rFire    . . .     SeeInvis .   F - -1 rapier
rCold    . . .     Gourm    .   (no shield)
rNeg     . . .     Faith    .   a - +0 robe
rPois    +         Spirit   .   u - +0 helmet
rElec    .         Reflect  .   q - +0 cloak
rCorr    .         Harm     .   (no gloves)
MR       .....                  p - +0 pair of boots
Stlth    ++........             r - amulet of regeneration
HPRegen  0.53/turn              I - ring of poison resistance
MPRegen  0.17/turn              L - +5 ring of protection

@: no status effects
A: no striking features
a: no special abilities


You were on level 6 of the Dungeon.
You were not hungry.

You visited 1 branch of the dungeon, and saw 6 of its levels.
You also visited: Ossuary.

You collected 251 gold pieces.

Inventory:

Hand Weapons
 g - a +0 hunting sling
 j - a +1 club
 y - a +0 blowgun
 z - a +1 vampiric dagger
 F - a -1 rapier (weapon)
 P - a +2 falchion of holy wrath
Missiles
 m - 147 stones
 H - 44 sling bullets (quivered)
Armour
 a - a +0 robe (worn)
 b - a +0 hat
 p - a +0 pair of boots (worn)
 q - a +0 cloak (worn)
 u - a +0 helmet (worn)
 M - a +0 scale mail of magic resistance
Jewellery
 r - an amulet of regeneration (around neck)
 I - a ring of poison resistance (left hand)
 L - a +5 ring of protection (right hand)
 O - an uncursed ring of poison resistance
 Q - a +3 ring of protection
Wands
 E - a wand of random effects (22)
Scrolls
 s - 6 scrolls of identify
 t - a scroll of blinking
 v - 2 scrolls of enchant weapon
 B - a scroll of fear
 C - 2 scrolls of remove curse
 J - 2 scrolls of enchant armour {unknown}
 K - 3 scrolls of teleportation {unknown}
 R - a scroll of immolation {unknown}
 S - a scroll of vulnerability {unknown}
Potions
 e - a potion of invisibility
 f - 4 potions of degeneration
 h - a potion of flight
 i - a potion of cancellation
 k - a potion of magic
 n - 3 potions of ambrosia
 o - 3 potions of curing
 x - 2 potions of resistance
 A - a potion of mutation
 G - a potion of agility
 T - a potion of heal wounds {unknown}
Books
 c - a book of Minor Magic

   Spells                             Type                      Level
   a - Magic Dart                     Conjuration                  1
   b - Blink                          Translocation                2
   c - Call Imp                       Summoning                    2
   d - Slow                           Hexes                        2
   e - Conjure Flame                  Conjuration/Fire             3
   f - Mephitic Cloud                 Conjuration/Poison/Air       3
 N - a book of Misfortune

   Spells                             Type                      Level
   a - Confusing Touch                Hexes                        1
   b - Confuse                        Hexes                        3
   c - Gell's Gravitas                Translocation                3
   d - Petrify                        Transmutation/Earth          4
   e - Metabolic Englaciation         Hexes/Ice                    5
   f - Yara's Violent Unravelling     Hexes/Transmutation          5
Comestibles
 d - 4 bread rations
 l - 2 meat rations
 w - 3 fruits
 D - 3 royal jellies
 U - 3 chunks of flesh


   Skills:
 + Level 5.9 Dodging
 - Level 2.4 Stealth
 + Level 7.3 Spellcasting
 * Level 7.0 Conjurations
 - Level 2.0 Summonings
 - Level 2.0 Translocations
 + Level 4.2 Fire Magic


You had 13 spell levels left.
You knew the following spells:

 Your Spells              Type           Power        Failure   Level  Hunger
a - Magic Dart            Conj           ####         1%          1    None
b - Call Imp              Summ           ###.....     4%          2    None
c - Blink                 Tloc           N/A          4%          2    None
d - Conjure Flame         Conj/Fire      #####...     1%          3    None


Dungeon Overview and Level Annotations

Branches:
Dungeon (6/15)
 Temple: D:4-7

Altars:
Elyvilon
Hepliaklqana
Okawaru
Trog
Wu Jian
Xom

Shops:
D:4 (}

Annotations:
D:2 1 runed door
D:6 Pikel


Message History

You kill the orc!
Your crimson imp hits the orc warrior but does no damage.
Casting: Magic Dart
Confirm with . or Enter, or press ? or * to list all spells.
Aiming: Magic Dart
Press: ? - help, Shift-Dir - straight line, f - orc
Aim: an orc, wielding a morningstar and wearing a scale mail The magic dart hits the orc.
The orc warrior closely misses you.
Your crimson imp blinks!
Casting: Magic Dart
Confirm with . or Enter, or press ? or * to list all spells.
Aiming: Magic Dart
Press: ? - help, Shift-Dir - straight line, f/p - orc
Aim: an orc, wielding a morningstar and wearing a scale mail The magic dart hits the orc.
The orc is lightly wounded.
The orc barely misses you.
The orc warrior hits you from afar with a halberd!!
Ouch! That really hurt!
You die...

..#.......###.##.#.#
.........#.#.....#.#
..#.####.##.######.#
# #.#.### #.#
.##.###5#######.#
..# ##........#
.##o###.######## #.
#ยง#5## # #@## #
......o......# # .#
..#####5####.# ...8
#.##. ..# .... .....
### .... ..... ....
..# ...8 ### #8# #


You could see an orc warrior, an orc, a friendly crimson imp and a friendly
white imp.

Vanquished Creatures
  3 slaves
  2 phantoms
  An ogre (D:4)
  The ghost of dvd the Insei, an amateur OpTm (D:3)
  An elf zombie (Ossuary)
  A scorpion (D:4)
  A crimson imp (D:5)
  2 orc wizards
  3 orc priests (D:3)
  2 iguanas
  Natasha (twice) (D:2)
  2 worker ants
  A mummy (Ossuary)
  4 adders
  An adder zombie (Ossuary)
  4 worms
  5 leopard geckos
  15 orcs
  A ball python (D:5)
  7 bats
  4 giant cockroaches
  7 goblins
  8 hobgoblins
  3 jackals
  4 quokkas
  5 frilled lizards
  A giant cockroach zombie (D:5)
  A goblin zombie (Ossuary)
  8 hobgoblin zombies (Ossuary)
  A jackal zombie (Ossuary)
  5 kobolds
  4 kobold zombies (Ossuary)
  8 orc zombies (Ossuary)
  A quokka skeleton (D:4)
  6 rats
  A rat zombie (Ossuary)
126 creatures vanquished.

Vanquished Creatures (collateral kills)
  Eustachio (D:4)
  A centaur (D:6)
  A howler monkey (D:6)
  4 human zombies (Ossuary)
  An orc priest (D:3)
  An orc wizard (D:6)
  Natasha (D:2)
  A worker ant (D:4)
  2 big kobold zombies (Ossuary)
  A hound zombie (D:6)
  A mummy (Ossuary)
  Robin (D:2)
  An adder (D:3)
  A shadow imp (D:6)
  An ooze (D:1)
  A worm (D:2)
  A leopard gecko (D:3)
  4 orcs
  A bat (D:1)
  7 goblins (D:2)
  3 hobgoblins
  2 jackals (D:2)
  A ball python (D:2)
  A goblin zombie (Ossuary)
  A hobgoblin zombie (Ossuary)
  A kobold zombie (Ossuary)
  3 orc zombies (Ossuary)
  A rat (D:2)
46 creatures vanquished.

Vanquished Creatures (others)
  A goblin (D:3)
  A kobold (D:3)
  A quokka (D:3)
  A rat (D:3)
4 creatures vanquished.

Grand Total: 176 creatures vanquished

Notes
Turn   | Place    | Note
-------+----------+-------------------------------------------
     0 | D:1      | mortelune the Deep Elf Wizard began the quest for the Orb.
     0 | D:1      | Reached XP level 1. HP: 10/10 MP: 7/7
   243 | D:1      | Reached XP level 2. HP: 15/15 MP: 6/9
   412 | D:1      | Learned a level 2 spell: Call Imp
   415 | D:1      | Learned a level 2 spell: Blink
   911 | D:1      | Reached XP level 3. HP: 19/19 MP: 2/11
  1792 | D:2      | Learned a level 3 spell: Conjure Flame
  1806 | D:2      | Noticed Robin
  1919 | D:2      | Noticed Natasha
  1924 | D:2      | Killed Natasha
  1924 | D:2      | Reached skill level 5 in Spellcasting
  1924 | D:2      | Reached XP level 4. HP: 17/24 MP: 2/13
  2005 | D:2      | Noticed Natasha
  2013 | D:2      | Killed Natasha
  2254 | D:2      | Killed Robin
  2347 | D:2      | Noticed Natasha
  2353 | D:2      | Killed Natasha
  2608 | D:2      | Found a runed door.
  2990 | D:2      | Reached skill level 1 in Fire Magic
  2990 | D:2      | Reached XP level 5. HP: 28/28 MP: 9/14
  3285 | D:2      | Found a hazy altar of Hepliaklqana.
  3290 | D:2      | Found an ornate altar of the Wu Jian Council.
  3530 | D:2      | Found a bloodstained altar of Trog.
  3704 | D:3      | Noticed dvd's ghost (amateur OpTm)
  3859 | D:3      | Killed dvd's ghost
  4767 | D:3      | Reached XP level 6. HP: 32/32 MP: 14/16
  4899 | D:3      | Found a faded altar of an unknown god.
  4910 | D:3      | Found a white marble altar of Elyvilon.
  5540 | D:4      | Reached skill level 5 in Conjurations
  5540 | D:4      | Reached XP level 7. HP: 36/36 MP: 5/18
  5660 | D:4      | Found a sand-covered staircase.
  5665 | Ossuary  | Entered an ossuary
  6750 | D:4      | Found Vysup's Gadget Shoppe.
  6841 | D:4      | Reached skill level 5 in Dodging
  7248 | D:4      | Found Tipt's Weapon Boutique.
  7250 | D:4      | Found a shimmering altar of Xom.
  7266 | D:4      | Noticed Eustachio
  7280 | D:4      | Killed Eustachio
  7510 | D:4      | Found an iron altar of Okawaru.
  7751 | D:5      | Entered Level 5 of the Dungeon
  7912 | D:5      | Reached XP level 8. HP: 41/41 MP: 15/20
  9041 | D:6      | Noticed Pikel
  9663 | D:6      | Slain by an orc warrior

Vault maps used:
D:1:      onia_arrival_pyramid
D:2:      grunt_temple_overflow_open, trog_book, uniq_robin, uniq_natasha,
          uniq_crazy_yiuf_cottage
D:3:      elyvilon_altar_4, chequers_ecumenical_altar_simple_redux, first_bread
D:4:      overflow_temple_1_default, enter_ossuary_2, serial_shops,
          kennysheep_mini_moat, shop, kennysheep_okawaru_gauntlet,
          uniq_eustachio
D:6:      nicolae_overflow_hidden_temple, minmay_misc_feat_columns, uniq_pikel
Ossuary:  ossuary_tomb_1

Skill      XL: |  1  2  3  4  5  6  7  8 |
---------------+-------------------------+-----
Conjurations   | 2 3 4 5 6 7 |  7.0
Dodging        | 3 4 5 |  5.9
Spellcasting   | 5 6 7 |  7.3
Translocations | 2 |  2.0
Fire Magic     | 1 2 3 4 |  4.2
Summonings     | 2 |  2.0
Stealth        | |  2.4

Action                   |  1- 3 |  4- 6 |  7- 9 || total
-------------------------+-------+-------+-------++-------
Melee: Club              |     8 |       |    32 ||    40
       Unarmed           |       |     3 |       ||     3
       Falchion          |       |       |    16 ||    16
       Rapier            |       |       |     2 ||     2
 Fire: Hunting sling     |       |     7 |     1 ||     8
 Cast: Magic Dart        |    83 |   151 |   225 ||   459
       Call Imp          |    13 |    20 |    46 ||    79
       Conjure Flame     |     2 |     8 |     8 ||    18
       Blink             |     2 |     6 |     1 ||     9
  Use: Scroll            |       |     9 |     8 ||    17
       Potion            |       |     2 |     1 ||     3
 Stab: Distracted        |       |       |     1 ||     1
  Eat: Chunk             |     3 |    11 |     2 ||    16
       Meat ration       |       |       |     2 ||     2
       Fruit             |       |       |     1 ||     1
Armor: Robe              |    10 |    10 |    36 ||    56
Dodge: Dodged            |    28 |    40 |    83 ||   151
       Rpst.: Falchion   |       |       |     4 ||     4

Table legend:
 A = Spawn XP
 B = Non-spawn XP
 C = Spawn XP percentage of total XP
 D = Spawn monster count
 E = Non-spawn monster count
 F = Spawn count percentage of total count
 G = Total turns spent on level
                    A         B        C        D         E        F      G
               +---------+---------+-------+---------+---------+-------+---------
         Total |       0 |    1900 |   0.0 |       0 |     169 |   0.0 |  9663
               +---------+---------+-------+---------+---------+-------+---------
           D:1 |       0 |      43 |   0.0 |       0 |      25 |   0.0 |  1110
           D:2 |       0 |     187 |   0.0 |       0 |      39 |   0.0 |  3103
           D:3 |       0 |     355 |   0.0 |       0 |      28 |   0.0 |  1193
           D:4 |       0 |     547 |   0.0 |       0 |      18 |   0.0 |  1342
           D:5 |       0 |     232 |   0.0 |       0 |      10 |   0.0 |  1208
           D:6 |       0 |     253 |   0.0 |       0 |      10 |   0.0 |   704
       Ossuary |       0 |     283 |   0.0 |       0 |      39 |   0.0 |  1003
               +---------+---------+-------+---------+---------+-------+---------
